 Dungeon Crawl Stone Soup version 0.21-a0-509-gecc5317 (webtiles) character file.

10033 rgaf the Transmogrifier (level 11, -5/77 HPs)
             Began as a Red Draconian Transmuter on Dec 1, 2017.
             Was an Elder of Makhleb.
             Slain by a white ugly thing (22 damage)
             ... on level 10 of the Dungeon.
             The game lasted 00:24:20 (12330 turns).

rgaf the Transmogrifier (Red Draconian Transmuter) Turns: 12330, Time: 00:24:22

Health: -5/77      AC:  7    Str: 19    XL:     11   Next: 30%
Magic:  9/14       EV: 12    Int: 15    God:    Makhleb [****..]
Gold:   560        SH:  0    Dex: 15    Spells: 6/14 levels left

rFire    + . .     SeeInvis .     - Unarmed
rCold    . . .     Gourm    .   (shield currently unavailable)
rNeg     . . .     Faith    .   (armour unavailable)
rPois    .         Spirit   .   (helmet restricted)
rElec    .         Reflect  .   (no cloak)
rCorr    .         Harm     .   (gloves currently unavailable)
MR       .....                  (no boots)
Stlth    +.........             (no amulet)
HPRegen  0.22/turn              j - +6 ring of strength
MPRegen  0.14/turn              e - +2 ring of intelligence

@: short of breath, blade hands, slowed, very slow
A: breathe fire, unfitting armour, fire resistance 1, cold-blooded, AC +7
a: Breathe Fire, End Transformation, Minor Destruction, Lesser Servant of
Makhleb, Major Destruction, Renounce Religion


You were on level 10 of the Dungeon.
You worshipped Makhleb.
Makhleb was greatly pleased with you.
You were near starving.
You had blades for hands.
You visited 1 branch of the dungeon, and saw 10 of its levels.
You also visited: Sewer.

You collected 560 gold pieces.

Inventory:

Missiles
 a - 250 arrows
Jewellery
 d - an uncursed ring of protection from fire
 e - a +2 ring of intelligence (right scythe-like blade)
 j - a +6 ring of strength (left scythe-like blade)
 l - a +4 ring of intelligence
 n - an uncursed amulet of harm
 t - an uncursed ring of protection from fire
 D - an uncursed amulet of magic regeneration {unknown}
 J - a cursed ring of teleportation {unknown}
Wands
 y - a wand of polymorph (14)
 F - a wand of digging (10)
 I - a wand of scattershot (4)
 L - a wand of random effects (41)
Scrolls
 i - 2 scrolls of teleportation
 o - a scroll of fear
 p - 3 scrolls of fog
 q - 4 scrolls of identify
 u - 3 scrolls of remove curse
 z - a scroll of blinking
 A - 2 scrolls of magic mapping
 K - a scroll of amnesia
 O - a scroll of enchant armour
Potions
 f - a potion of haste
 g - 3 potions of heal wounds
 h - a potion of magic
 k - a potion of resistance
 v - 3 potions of might {unknown}
 w - 3 potions of curing {unknown}
 x - a potion of cancellation {unknown}
 B - a potion of invisibility {unknown}
 C - a potion of berserk rage {unknown}
 G - a potion of lignification
 H - a potion of mutation {unknown}
Books
 b - a book of Changes

   Spells                             Type                      Level
   a - Beastly Appendage              Transmutation                1
   b - Sticks to Snakes               Transmutation                2
   c - Spider Form                    Transmutation/Poison         3
   d - Ice Form                       Ice/Transmutation            4
   e - Blade Hands                    Transmutation                5
 r - a book of Necromancy

   Spells                             Type                      Level
   a - Pain                           Necromancy                   1
   b - Animate Skeleton               Necromancy                   1
   c - Vampiric Draining              Necromancy                   3
   d - Regeneration                   Charms/Necromancy            3
   e - Animate Dead                   Necromancy                   4
   f - Control Undead                 Necromancy                   4
 E - a book of Cantrips

   Spells                             Type                      Level
   a - Confusing Touch                Hexes                        1
   b - Animate Skeleton               Necromancy                   1
   c - Summon Small Mammal            Summoning                    1
   d - Apportation                    Translocation                1
Comestibles
 c - 11 bread rations
 m - 3 royal jellies
 s - 6 meat rations
 M - 4 fruits


   Skills:
 - Level 1.1 Fighting
 - Level 1.7 Dodging
 - Level 11.1 Unarmed Combat
 - Level 2.0 Spellcasting
 + Level 13.8 Transmutations


You had 6 spell levels left.
You knew the following spells:

 Your Spells              Type           Power        Failure   Level  Hunger
a - Beastly Appendage     Tmut           #####.       6%          1    #......
b - Sticks to Snakes      Tmut           #####...     7%          2    ###....
c - Blade Hands           Tmut           #####.....   21%         5    ######.


Dungeon Overview and Level Annotations

Branches:
Dungeon (10/15)            Temple (0/1) D:6            Lair (0/6) D:8
    Orc: D:9-12

Altars:
Gozag
Kikubaaqudgha
Makhleb
Nemelex Xobeh
Ru
Sif Muna
Trog
Zin

Shops:
D:5 =   D:7 *

Annotations:
D:8 Cricketeer's ghost, novice MiBe
D:10 Psyche


Innate Abilities, Weirdness & Mutations

You can breathe blasts of fire.
Your fiery red scales are hard. (AC +7)
You cannot fit into any form of body armour.
Your flesh is heat resistant. (rF+)
You are cold-blooded and may be slowed by cold attacks.


Message History

You feel somewhat more hungry.
The white ugly thing is engulfed in blazing flames.
The white ugly thing gores you. The white ugly thing freezes you!!
You feel yourself slow down.
Unknown command.
You hit the white ugly thing but do no damage.
Your tail-slap misses the white ugly thing.
The white ugly thing is moderately wounded.
The white ugly thing is engulfed in blazing flames.
The white ugly thing gores you. The white ugly thing freezes you!!
* * * LOW HITPOINT WARNING * * *
You are too injured to fight recklessly!
Unknown command.
You feel much better.
You feel yourself speed up.
The white ugly thing is engulfed in blazing flames.
The white ugly thing gores you!
* * * LOW HITPOINT WARNING * * *
The white ugly thing freezes you!!
You feel yourself slow down.
You die...

########### #.# #.......# #.
#..........# #.# #.......# #.
#..........# #รท# #.......# #.
#..........# #.# #####..## #.
#..........# #.########.## #.
#..........####........#..# #.
#......................##.# #.
#......................##.###.
###...........u@....#######..##.
#............####'### ##.##.
#............# #.#### #.##.
#............# #....# #.##.
#...########## #....#...# #..#.
#?..# #....#...# ##.#. #...#
#....#...# #... #...# #....#...#
##.. #...# #....#...# #..


You could see a white ugly thing.

Vanquished Creatures
  A centaur warrior (D:10)
  A two-headed ogre (D:10)
  Pikel (D:6)
  Joseph (D:9)
  3 trolls
  A merfolk (D:9)
  A hornet (D:9)
  4 hippogriffs
  The ghost of djmy96 the Cutter, an amateur NaMo (Sewer)
  5 yaks
  A basilisk (D:8)
  A wyvern (D:10)
  The ghost of rgaf the Ruffian, an amateur DrTm of Ru (D:4)
  3 vampire mosquitoes (D:10)
  A water moccasin (D:7)
  A porcupine (D:8)
  An orc warrior (D:8)
  2 phantoms
  3 ice beasts
  3 slaves (D:7)
  A black bear (D:8)
  7 ogres
  3 centaurs
  A big kobold (D:9)
  9 bullfrogs
  A wyvern zombie (D:6)
  5 scorpions
  4 wights (D:9)
  6 howler monkeys
  4 crimson imps
  7 hounds
  A quasit (D:6)
  2 bullfrog zombies
  3 centaur skeletons
  5 orc priests
  A jelly (D:10)
  6 orc wizards
  4 iguanas
  Ijyb (D:4)
  6 worker ants
  Natasha (thrice) (D:2)
  A killer bee zombie (D:10)
  2 hound zombies
  2 hound skeletons
  7 gnolls
  12 adders
  A river rat (D:3)
  3 shadow imps
  An ooze (D:4)
  An adder skeleton (D:7)
  4 worms
  2 dart slugs
  3 leopard geckos
  32 orcs
  6 giant cockroaches
  13 goblins
  6 hobgoblins
  9 jackals
  9 quokkas
  5 ball pythons
  5 bats
  5 frilled lizards
  A jackal skeleton (D:6)
  15 kobolds
  A leopard gecko skeleton (D:6)
  7 rats
  2 plants (Sewer)
271 creatures vanquished.

Vanquished Creatures (others)
  2 fungi (D:8)
2 creatures vanquished.

Grand Total: 273 creatures vanquished

Notes
Turn   | Place    | Note
-------+----------+-------------------------------------------
     0 | D:1      | rgaf the Draconian Transmuter began the quest for the Orb.
     0 | D:1      | Reached XP level 1. HP: 16/16 MP: 3/3
   307 | D:1      | Reached XP level 2. HP: 8/23 MP: 5/5
   935 | D:2      | Found a bloodstained altar of Trog.
   938 | D:2      | Found a deep blue altar of Sif Muna.
   941 | D:2      | Found an ancient bone altar of Kikubaaqudgha.
  1378 | D:2      | Reached XP level 3. HP: 20/28 MP: 6/6
  1740 | D:2      | Noticed Natasha
  1755 | D:2      | Killed Natasha
  1964 | D:2      | Noticed Natasha
  1975 | D:2      | Killed Natasha
  1975 | D:2      | Reached skill level 5 in Unarmed Combat
  1975 | D:2      | Reached XP level 4. HP: 12/35 MP: 7/7
  1996 | D:2      | Noticed Natasha
  2299 | D:2      | Killed Natasha
  2835 | D:3      | Reached XP level 5. HP: 33/40 MP: 8/8
  3016 | D:3      | Found a glowing drain.
  3020 | Sewer    | Entered a sewer
  3112 | Sewer    | Noticed djmy96's ghost (amateur NaMo)
  3443 | Sewer    | Killed djmy96's ghost
  3443 | Sewer    | Reached XP level 6. HP: 47/47 MP: 9/9
  4196 | D:4      | Noticed rgaf's ghost (amateur DrTm)
  4613 | D:4      | Your scales start taking on a fiery red colour.
  4613 | D:4      | Reached XP level 7. HP: 48/52 MP: 10/10
  4613 | D:4      | Gained mutation: Your flesh is heat resistant. (rF+) [Red Draconian growth]
  5087 | D:3      | Learned a level 2 spell: Sticks to Snakes
  5093 | D:3      | Learned a level 5 spell: Blade Hands
  5096 | D:4      | Killed rgaf's ghost
  5472 | D:4      | Noticed Ijyb
  5475 | D:4      | Killed Ijyb
  5611 | D:4      | Found a burning altar of Makhleb.
  5614 | D:4      | Reached XP level 8. HP: 55/59 MP: 11/11
  5630 | D:4      | Became a worshipper of Makhleb the Destroyer
  5639 | D:5      | Entered Level 5 of the Dungeon
  5727 | D:5      | Reached skill level 10 in Unarmed Combat
  6035 | D:5      | Found Cexaf's Jewellery Emporium.
  6269 | D:5      | Noticed a troll
  6308 | D:6      | Reached * piety under Makhleb
  6631 | D:5      | Killed a troll
  7026 | D:5      | Reached skill level 3 in Transmutations
  7256 | D:6      | Reached skill level 4 in Transmutations
  7270 | D:6      | Noticed a hippogriff
  7275 | D:6      | Killed a hippogriff
  7275 | D:6      | Reached XP level 9. HP: 64/64 MP: 12/12
  7551 | D:6      | Reached skill level 5 in Transmutations
  7882 | D:6      | Reached skill level 6 in Transmutations
  7912 | D:6      | Found a staircase to the Ecumenical Temple.
  8639 | D:7      | Reached skill level 7 in Transmutations
  8664 | D:7      | Reached ** piety under Makhleb
  8704 | D:7      | Reached skill level 8 in Transmutations
  9086 | D:7      | Noticed Pikel
  9111 | D:7      | Reached skill level 9 in Transmutations
  9165 | D:6      | Killed Pikel
  9188 | D:7      | Reached XP level 10. HP: 71/71 MP: 13/13
  9387 | D:7      | Found Fiodgh's General Store.
  9452 | D:8      | Reached skill level 10 in Transmutations
  9571 | D:8      | Noticed Cricketeer's ghost (novice MiBe)
  9572 | D:8      | Found a sparkling altar of Nemelex Xobeh.
  9871 | D:8      | Reached *** piety under Makhleb
  9910 | D:8      | Reached skill level 11 in Transmutations
 10109 | D:8      | Found a staircase to the Lair.
 10408 | D:9      | Found an opulent altar of Gozag.
 10653 | D:9      | Noticed Joseph
 10667 | D:9      | Killed Joseph
 10976 | D:9      | Reached skill level 12 in Transmutations
 11322 | D:9      | Found a sacrificial altar of Ru.
 11504 | D:10     | Entered Level 10 of the Dungeon
 11565 | D:10     | Noticed a centaur warrior
 11574 | D:10     | Killed a centaur warrior
 11574 | D:10     | Reached skill level 13 in Transmutations
 11574 | D:10     | Reached XP level 11. HP: 77/77 MP: 14/14
 11797 | D:10     | Reached **** piety under Makhleb
 11798 | D:10     | Found a glowing silver altar of Zin.
 12264 | D:10     | Noticed a two-headed ogre
 12265 | D:10     | Noticed Psyche
 12293 | D:10     | Killed a two-headed ogre
 12312 | D:10     | Noticed a white ugly thing
 12330 | D:10     | Slain by a white ugly thing

Vault maps used:
D:1:      eino_arrival_druids_welcome
D:2:      grunt_temple_overflow_diamond, uniq_natasha
D:3:      gup_sewer_entry_spiral
D:4:      kennysheep_goblin_castle, makhleb_grotto_becter, first_bread
D:5:      serial_shops, kennysheep_mini, kennysheep_diamond,
          minmay_misc_feat_diagonals, corexii_corridor_pit
D:6:      minmay_temple_entry_trees
D:7:      serial_shops, shop, uniq_pikel
D:8:      nemelex_altar_shiori, grunt_lair_entry_orc_guard_hut
D:9:      nicolae_ru_great_annihilating_truth, hangedman_fish_farm,
          serial_bayou_pond_d, nicolae_gozag_cash_rules_everything_around_me,
          uniq_joseph
D:10:     basic_altar, uniq_psyche
Sewer:    sewer_co_scattered_pipes

Skill      XL: |  1  2  3  4  5  6  7  8  9 10 |
---------------+-------------------------------+-----
Unarmed Combat | 4 5 7 8 9 11 | 11.1
Transmutations | 4 9 13 | 13.8
Fighting       | |  1.1
Dodging        | |  1.7
Spellcasting   | |  2.0

Action                   |  1- 3 |  4- 6 |  7- 9 | 10-12 || total
-------------------------+-------+-------+-------+-------++-------
Melee: Unarmed           |   109 |   246 |   349 |   200 ||   904
       Tailslap          |     8 |    48 |    52 |    29 ||   137
       Punch             |     4 |     4 |    17 |    12 ||    37
 Cast: Beastly Appendage |       |     1 |     1 |       ||     2
       Blade Hands       |       |       |       |     9 ||     9
 Abil: Breathe Fire      |       |       |    27 |    23 ||    50
  Use: Potion            |       |     3 |     1 |     1 ||     5
       Scroll            |       |     2 |    12 |     1 ||    15
 Stab: Sleeping          |     2 |     2 |     2 |     1 ||     7
       Distracted        |       |       |     1 |       ||     1
       Paralysed         |       |       |       |     1 ||     1
  Eat: Chunk             |     3 |     5 |    18 |    16 ||    42
       Bread ration      |       |     1 |       |       ||     1
       Fruit             |       |       |     2 |       ||     2
Armor: Skin              |    22 |    40 |   109 |    52 ||   223
Dodge: Dodged            |    56 |   102 |   164 |   109 ||   431

Table legend:
 A = Spawn XP
 B = Non-spawn XP
 C = Spawn XP percentage of total XP
 D = Spawn monster count
 E = Non-spawn monster count
 F = Spawn count percentage of total count
 G = Total turns spent on level
                    A         B        C        D         E        F      G
               +---------+---------+-------+---------+---------+-------+---------
         Total |       0 |   14333 |   0.0 |       0 |     266 |   0.0 | 12330
               +---------+---------+-------+---------+---------+-------+---------
           D:1 |       0 |      17 |   0.0 |       0 |      11 |   0.0 |  1190
           D:2 |       0 |     136 |   0.0 |       0 |      18 |   0.0 |  1399
           D:3 |       0 |     192 |   0.0 |       0 |      27 |   0.0 |   922
           D:4 |       0 |     811 |   0.0 |       0 |      35 |   0.0 |  1495
           D:5 |       0 |     917 |   0.0 |       0 |      34 |   0.0 |  1450
           D:6 |       0 |    1925 |   0.0 |       0 |      29 |   0.0 |  1626
           D:7 |       0 |    1410 |   0.0 |       0 |      23 |   0.0 |   607
           D:8 |       0 |    2148 |   0.0 |       0 |      28 |   0.0 |   975
           D:9 |       0 |    2965 |   0.0 |       0 |      28 |   0.0 |  1291
          D:10 |       0 |    3541 |   0.0 |       0 |      14 |   0.0 |   634
         Sewer |       0 |     271 |   0.0 |       0 |      19 |   0.0 |   741
               +---------+---------+-------+---------+---------+-------+---------
